 Dungeon Crawl Stone Soup version 0.22-a0-833-g8522bf8 (webtiles) character file.

11 Amnesiac the Digger (level 2, 0/19 HPs)
             Began as a Mummy Earth Elementalist on July 25, 2018.
             Slain by Natasha (10 damage)
             ... on level 2 of the Dungeon.
             The game lasted 00:00:31 (225 turns).

Amnesiac the Digger (Mummy Earth Elementalist)       Turns: 225, Time: 00:00:32

Health: 0/19       AC:  2    Str: 11    XL:     2   Next: 13%
Magic:  2/5        EV: 12    Int: 14    God:
Gold:   16         SH:  0    Dex: 12    Spells: 3/6 levels left

rFire    x . .     SeeInvis .   (no weapon)
rCold    + . .     Gourm    .   (no shield)
rNeg     + + +     Faith    .   c - +0 robe
rPois    ∞         Spirit   .   (no helmet)
rElec    .         Reflect  .   (no cloak)
rCorr    .         Harm     .   (no gloves)
MR       .....                  (no boots)
Stlth    ++........             e - amulet of magic regeneration
HPRegen  0.06/turn              (no ring)
MPRegen  0.34/turn              (no ring)

@: no status effects
A: no food or potions, fire vulnerability, cold resistance 1, negative energy
resistance 3, torment resistance, unbreathing
a: no special abilities


You were on level 2 of the Dungeon.
You were not hungry.

You visited 1 branch of the dungeon, and saw 2 of its levels.

You collected 16 gold pieces.

Inventory:

Missiles
 b - 26 stones (quivered)
Armour
 c - a +0 robe (worn)
Jewellery
 e - an amulet of magic regeneration (around neck)
Scrolls
 a - a scroll of identify {!r, unknown}
 d - a scroll of fog {!r, unknown}


   Skills:
 - Level 1.5 Dodging
 - Level 1.5 Stealth
 + Level 2.6 Spellcasting
 - Level 0.7 Transmutations
 - Level 3.0 Earth Magic


You had 3 spell levels left.
You knew the following spells:

 Your Spells              Type           Power        Failure   Level  Hunger
a - Sandblast             Erth           ##....       6%          1    N/A
b - Passwall              Tmut/Erth      #.......     16%         2    N/A

Your spell library contained the following spells:

 Spells                   Type           Power        Failure   Level  Hunger
 Stone Arrow              Conj/Erth      #.....       34%         3    N/A
 Lee's Rapid Deconstruct  Erth           ##........   87%         5    N/A
 Petrify                  Tmut/Erth      #.......     71%         4    N/A

Dungeon Overview and Level Annotations

Branches:
Dungeon (2/15)

Altars:

Annotations:
D:2 Natasha


Innate Abilities, Weirdness & Mutations

You do not eat or drink.
Your flesh is vulnerable to fire.
You are immune to poison.
Your flesh is cold resistant. (rC+)
You are immune to negative energy. (rN+++)
You are immune to unholy pain and torment.
You can survive without breathing.


Message History

The blast of sand hits the adder.
You kill the adder!
Training target 2.6 for Earth Magic reached!
Your Earth Magic skill increases to level 3!
You need to enable at least one skill for training.
You have reached level 2!
b - 30 stones Unknown command.
Memorise Passwall, consuming 2 spell levels and leaving 3?
You start memorising the spell.
You continue memorising. x2
You finish memorising.
Spell assigned to 'b'.
The bat is too close now for your liking.
Casting: Sandblast (safe; 6% risk of failure)
Confirm with . or Enter, or press ? or * to list all spells.
You can't see any susceptible monsters within range! (Use Z to cast anyway.) No target in view!
Casting: Sandblast (safe; 6% risk of failure)
Confirm with . or Enter, or press ? or * to list all spells.
You can't see any susceptible monsters within range! (Use Z to cast anyway.) Natasha, Servant of Life and Death comes into view.
Natasha hisses angrily.
Casting: Sandblast (safe; 6% risk of failure)
Confirm with . or Enter, or press ? or * to list all spells.
Aiming: Sandblast (safe; 6% risk of failure)
Press: ? - help, Shift-Dir - straight line, f - Natasha
Aim: Natasha The blast of sand hits Natasha.
Natasha is lightly wounded.
b - 29 stones Natasha claws you.
Natasha is nearby!
You hit Natasha.
Natasha is moderately wounded.
Natasha claws you.
Casting: Sandblast (safe; 6% risk of failure)
Confirm with . or Enter, or press ? or * to list all spells.
Aiming: Sandblast (safe; 6% risk of failure)
Press: ? - help, Shift-Dir - straight line, f/p - Natasha
Aim: Natasha (moderately wounded)
The blast of sand hits Natasha.
Natasha is moderately wounded.
b - 28 stones Natasha closely misses you.
Natasha is nearby!
Casting: Sandblast (safe; 6% risk of failure)
Confirm with . or Enter, or press ? or * to list all spells.
Aiming: Sandblast (safe; 6% risk of failure)
Press: ? - help, Shift-Dir - straight line, f/p - Natasha
Aim: Natasha (moderately wounded)
The blast of sand hits Natasha.
Natasha is moderately wounded.
b - 27 stones Natasha barely misses you.
Casting: Sandblast (safe; 6% risk of failure)
Confirm with . or Enter, or press ? or * to list all spells.
Aiming: Sandblast (safe; 6% risk of failure)
Press: ? - help, Shift-Dir - straight line, f/p - Natasha
Aim: Natasha (moderately wounded)
The blast of sand hits Natasha.
Natasha is heavily wounded.
b - 26 stones Natasha claws you!
Ouch! That really hurt!
You die...

#.# #.#...
#.###.#.#.
#####..##.#...
#.........#...
#.####.##.#...
#.##....#.#...
#####.##.#..#.#...
#
#.....##.##.#.#...
#.#@###### ...#...
#..h.# ...#...
#....# ..>####
#...... ....
###.....# ........
#........
....#.#..
......#....


You could see Natasha.

Vanquished Creatures
  An adder (D:2)
  A giant cockroach (D:2)
2 creatures vanquished.

Notes
Turn   | Place    | Note
-------+----------+-------------------------------------------
     0 | D:1      | Amnesiac the Mummy Earth Elementalist began the quest for the Orb.
     0 | D:1      | Reached XP level 1. HP: 13/13 MP: 4/4
   203 | D:2      | Reached skill level 3 in Earth Magic
   203 | D:2      | Reached XP level 2. HP: 11/19 MP: 0/5
   207 | D:2      | Learned a level 2 spell: Passwall
   218 | D:2      | Noticed Natasha
   225 | D:2      | Slain by Natasha

Vault maps used:
D:1:      lightli_arrival_quake
D:2:      tso_oasis_becter, first_ration, uniq_natasha, uniq_robin

Skill      XL: |  1 |
---------------+----+-----
Earth Magic    | 3 |  3.0
Dodging        | |  1.5
Stealth        | |  1.5
Spellcasting   | |  2.6
Transmutations | |  0.7

Action                   || total
-------------------------++-------
Melee: Unarmed           ||     1
 Cast: Sandblast         ||    15
Armor: Robe              ||     3
Dodge: Dodged            ||    11

Table legend:
 A = Spawn XP
 B = Non-spawn XP
 C = Spawn XP percentage of total XP
 D = Spawn monster count
 E = Non-spawn monster count
 F = Spawn count percentage of total count
 G = Total turns spent on level
                    A         B        C        D         E        F      G
               +---------+---------+-------+---------+---------+-------+---------
         Total |       0 |      16 |   0.0 |       0 |       2 |   0.0 |   225
               +---------+---------+-------+---------+---------+-------+---------
           D:2 |       0 |      16 |   0.0 |       0 |       2 |   0.0 |   188
               +---------+---------+-------+---------+---------+-------+---------
